[Event "Thursday 18 January Rapid Engine Tour 12+1 Rounds 9 Starts 1600 ST"]
[Site "Infinity Chess"]
[Date "2018.1.18"]
[Round "1"]
[White "BraveDevil"]
[Black "Neoxium"]
[Result "1/2-1/2"]
[ECO "D44"]
[WhiteElo "2378"]
[BlackElo "2468"]
[WhiteEngine "Cryptic AIL V1"]
[BlackEngine "SF SL FA-IDeA"]
[EventType "Swiss"]
[WhiteTeam ""]
[BlackTeam ""]
[PlyCount "110"]
[TimeControl "720+1"]

1. d4 d5 2. c4 e6 3. Nc3 Nf6 4. Nf3 dxc4 5. e4 Bb4 6. Bxc4 Nxe4 7. O-O Nxc3 
8. bxc3 Be7 9. Ne5 O-O 10. Qg4 Nc6 11. Re1 Nxe5 12. dxe5 Kh8 13. Bf4 f5 
14. exf6 Bxf6 15. Rad1 Qe7 16. Bd3 g6 17. Qg3 Bh4 18. Qe3 Bf6 19. Re2 a5 
20. Qg3 Bh4 21. Be5+ Kg8 22. Qg4 Bf6 23. Bc4 a4 24. Bd4 Bxd4 25. Rxd4 Qf6 
26. f3 Ra5 27. Bxe6+ Bxe6 28. Rxe6 Qf5 29. Qxf5 Rfxf5 30. Re7 Rf7 31. Re8+ Kg7 
32. h4 Rc5 33. Re3 b5 34. a3 c6 35. Kf2 Rb7 36. Ke2 Ra7 37. Kd3 Kf7 38. Ree4 Rb7 
39. Rf4+ Kg7 40. Rfe4 Kf7 41. Kc2 Re7 42. Rxe7+ Kxe7 43. c4 bxc4 44. Kc3 Rb5 
45. Kxc4 Kf6 46. Rd6+ Ke5 47. Rxc6 Rb3 48. h5 gxh5 49. Rh6 Rxa3 50. Rxh5+ Kf4 
51. Rxh7 Ra2 52. Ra7 a3 53. Rf7+ Kg5 54. Kb3 Rf2 55. Kxa3 Kg6 1/2-1/2

[Event "Thursday 18 January Rapid Engine Tour 12+1 Rounds 9 Starts 1600 ST"]
[Site "Infinity Chess"]
[Date "2018.1.18"]
[Round "1"]
[White "Eman"]
[Black "IronMan"]
[Result "1/2-1/2"]
[ECO "D35"]
[WhiteElo "2469"]
[BlackElo "2391"]
[WhiteEngine "Eman SL 1.63 64-bit POPCNT"]
[BlackEngine "Eman 1.58 64-bit BMI2"]
[EventType "Swiss"]
[WhiteTeam ""]
[BlackTeam ""]
[PlyCount "117"]
[TimeControl "720+1"]

1. d4 d5 2. c4 e6 3. Nc3 Nf6 4. cxd5 exd5 5. Bg5 c6 6. e3 h6 7. Bh4 Be7 
8. Qc2 O-O 9. Bd3 Re8 10. Nge2 Nbd7 11. O-O a5 12. Rac1 b5 13. Nb1 Bb7 
14. Nd2 a4 15. Bf5 Qc7 16. Nf3 Bf8 17. Nc3 Qd6 18. Bg3 Qe7 19. Bh4 Qd6 
20. Bg3 Qe7 21. Rfe1 g6 22. Bxd7 Qxd7 23. Ne5 Qe6 24. f3 Nh5 25. Bf2 Nf6 
26. Nd3 Qf5 27. Ne2 g5 28. h4 Rad8 29. Ng3 Qg6 30. hxg5 hxg5 31. Nc5 Bxc5 
32. Qxc5 g4 33. Qc2 Qxc2 34. Rxc2 gxf3 35. gxf3 Nh7 36. Rf1 Rd6 37. Be1 Ba6 
38. Bd2 Rg6 39. Kf2 Bc8 40. Rh1 Ng5 41. Rh4 Rf6 42. f4 Ne4+ 43. Nxe4 Rxe4 
44. Rc1 Rg6 45. Rch1 Kg7 46. Rh7+ Kf6 47. Rh8 Bg4 48. R1h6 Bd7 49. Ba5 Rxh6 
50. Rxh6+ Kf5 51. Rh5+ Kg6 52. Rg5+ Kh7 53. Bd8 Re6 54. f5 Rh6 55. f6 Rg6 
56. Rh5+ Rh6 57. Rg5 Rg6 58. Rh5+ Rh6 59. Rg5 1/2-1/2

[Event "Thursday 18 January Rapid Engine Tour 12+1 Rounds 9 Starts 1600 ST"]
[Site "Infinity Chess"]
[Date "2018.1.18"]
[Round "1"]
[White "star99"]
[Black "angriff"]
[Result "1/2-1/2"]
[ECO "A40"]
[WhiteElo "2407"]
[BlackElo "2472"]
[WhiteEngine "Cryptic AIL V1"]
[BlackEngine "Raubfisch ME262_GTZ16b2_CTG"]
[EventType "Swiss"]
[WhiteTeam ""]
[BlackTeam ""]
[PlyCount "72"]
[TimeControl "720+1"]

1. d4 c6 2. e4 d5 3. Nd2 dxe4 4. Nxe4 Bf5 5. Ng3 Bg6 6. Bc4 e6 7. Nf3 Bd6 
8. O-O Nf6 9. c3 Nbd7 10. Qe2 Qc7 11. Nh4 O-O 12. Nxg6 hxg6 13. Bg5 c5 
14. dxc5 Nxc5 15. Rfd1 Rac8 16. Rd4 Bxg3 17. hxg3 Nce4 18. Bxf6 Nxf6 
19. Bb3 Rfd8 20. Rad1 Rxd4 21. Rxd4 Rd8 22. Qd2 Rxd4 23. Qxd4 Qa5 24. g4 Qg5 
25. f3 Qc1+ 26. Kh2 Qxb2 27. Qxa7 Qxc3 28. Qxb7 Qd4 29. a4 Nd7 30. Qb5 Nc5 
31. Bc4 Qf4+ 32. Kh1 Qh6+ 33. Kg1 Qc1+ 34. Kh2 Qf4+ 35. Kg1 Qc1+ 36. Kh2 Qf4+ 
1/2-1/2

[Event "Thursday 18 January Rapid Engine Tour 12+1 Rounds 9 Starts 1600 ST"]
[Site "Infinity Chess"]
[Date "2018.1.18"]
[Round "1"]
[White "Marsell"]
[Black "OlivierEvan"]
[Result "1-0"]
[ECO "C42"]
[WhiteElo "2473"]
[BlackElo "2409"]
[WhiteEngine "asmFishW_2018-01-11_popcnt"]
[BlackEngine "Houdini 6"]
[EventType "Swiss"]
[WhiteTeam ""]
[BlackTeam ""]
[PlyCount "237"]
[TimeControl "720+1"]

1. e4 e5 2. Nf3 Nf6 3. Nxe5 d6 4. Nf3 Nxe4 5. d4 Nc6 6. d5 Ne5 7. Bb5+ Bd7 
8. Qe2 Nf6 9. Nc3 Be7 10. Nxe5 dxe5 11. Bg5 O-O 12. O-O-O Bxb5 13. Qxb5 Qd6 
14. Rhe1 a6 15. Qd3 b5 16. Qf5 b4 17. Bxf6 Qxf6 18. Qxf6 Bxf6 19. Na4 Rfd8 
20. Re4 Rab8 21. c4 bxc3 22. Nxc3 g6 23. Rc4 Rd7 24. Re1 Bg7 25. a3 f5 
26. f3 Rb7 27. Kc2 Bf6 28. b4 Kf7 29. Re2 h5 30. Rc5 Rb8 31. Kb3 Rb6 32. a4 Be7 
33. Rc4 a5 34. b5 Bd6 35. Nd1 Rb8 36. Rc6 Re8 37. g3 h4 38. gxh4 e4 
39. fxe4 Rxe4 40. Rxe4 fxe4 41. Kc4 Bxh2 42. Ra6 Bg3 43. Rxa5 Re7 44. Ne3 Bxh4 
45. d6 Rd7 46. Ra6 Bg3 47. dxc7 Rxc7+ 48. Kd5 Bf2 49. Ng4 e3 50. Ne5+ Kg7 
51. Rxg6+ Kh7 52. Rc6 Ra7 53. Ra6 Rg7 54. Re6 Ra7 55. Ra6 Rg7 56. Re6 Ra7 
57. b6 Rxa4 58. b7 Rb4 59. Re7+ Kh6 60. Kc6 Bg3 61. Nf7+ Kg7 62. Nd8+ Kf6 
63. Re6+ Kf5 64. Rxe3 Bb8 65. Ne6 Rb1 66. Nc5 Kg6 67. Kd7 Bf4 68. Re4 Bh2 
69. Re2 Bf4 70. Rg2+ Kh6 71. Rc2 Rb6 72. Rc3 Kg6 73. Rb3 Rd6+ 74. Ke7 Rd1 
75. Rb6+ Kh5 76. Rb4 Bh2 77. Ne4 Bb8 78. Ke6 Kg6 79. Rb6 Kh5 80. Nd6 Rg1 
81. Ke7 Rg6 82. Rb5+ Kg4 83. Ne8 Rh6 84. Kd7 Bh2 85. Rd5 Rb6 86. Kc8 Rc6+ 
87. Kd8 Rh6 88. Rd2 Be5 89. Rd7 Rh8 90. Rd5 Bb8 91. Kd7 Kf3 92. Rc5 Bh2 
93. Nf6 Rb8 94. Rb5 Rf8 95. Ne8 Bb8 96. Rc5 Rh8 97. Rc3+ Ke2 98. Rc8 Rh7+ 
99. Kc6 Rh6+ 100. Kc5 Rh5+ 101. Kb6 Bf4 102. Nc7 Be3+ 103. Kc6 Rh6+ 
104. Kd5 Rh5+ 105. Kc4 Rh4+ 106. Kb3 Ba7 107. Ra8 Rh3+ 108. Ka2 Rd3 
109. Rxa7 Rd2+ 110. Kb3 Rd3+ 111. Kc4 Rd8 112. Ra8 Rd6 113. b8=Q Rc6+ 
114. Kd4 Rc2 115. Ra2 Rd2+ 116. Rxd2+ Kxd2 117. Qb2+ Ke1 118. Ke3 Kd1 119. Qb1# 
1-0

[Event "Thursday 18 January Rapid Engine Tour 12+1 Rounds 9 Starts 1600 ST"]
[Site "Infinity Chess"]
[Date "2018.1.18"]
[Round "1"]
[White "NINJA_JENGKA"]
[Black "KULLANI"]
[Result "1-0 "]
[ECO "A06"]
[WhiteElo "2417"]
[BlackElo "2473"]
[WhiteEngine "Houdini 6"]
[BlackEngine "BrainFish_180113_x64_CTG"]
[EventType "Swiss"]
[WhiteTeam ""]
[BlackTeam ""]
[PlyCount "169"]
[TimeControl "720+1"]

1. Nf3 d5 2. d4 Nf6 3. e3 e6 4. c4 c6 5. b3 c5 6. Nbd2 cxd4 7. exd4 Be7 
8. Bd3 Nc6 9. Bb2 b6 10. O-O Nb4 11. Bb1 Bb7 12. a3 Nc6 13. Bd3 O-O 14. Re1 Rc8 
15. Rc1 Re8 16. Rc2 g6 17. Qc1 dxc4 18. bxc4 Bf8 19. Ne4 Nxe4 20. Bxe4 Bg7 
21. c5 Qc7 22. h4 Ne7 23. c6 Ba6 24. Ne5 Bb5 25. h5 Bxe5 26. dxe5 Bxc6 
27. Qg5 Qb7 28. Bd3 Qd7 29. Rd2 Nd5 30. Bb1 Rc7 31. Rd4 Qe7 32. Qg4 Qf8 
33. a4 Bb7 34. Bc1 Qg7 35. hxg6 fxg6 36. Bg5 Rc5 37. Qh4 Qf7 38. Rg4 Rec8 
39. Bd3 Rf8 40. Rc1 Rb8 41. Rd1 Rc7 42. Rg3 Rbc8 43. Kh2 Qg7 44. Bf6 Nxf6 
45. exf6 Qf7 46. Bxg6 hxg6 47. Rh3 Kf8 48. Qg5 Qg8 49. Qe5 Rh7 50. Qd6+ Ke8 
51. Kg1 Qf7 52. Re3 Bd5 53. Qxd5 Kf8 54. Qd6+ Kg8 55. Rxe6 Re8 56. Re5 Qf8 
57. Qd5+ Rf7 58. f4 Kh8 59. Qe4 Rxe5 60. fxe5 b5 61. e6 Qc5+ 62. Qd4 Qxd4+ 
63. Rxd4 Rxf6 64. e7 Re6 65. Rd8+ Kg7 66. e8=Q Rxe8 67. Rxe8 bxa4 68. Re7+ Kf6 
69. Rxa7 a3 70. g3 g5 71. g4 Ke5 72. Rxa3 Kf4 73. Ra5 Kxg4 74. Kg2 Kf4 
75. Kh3 g4+ 76. Kg2 Ke4 77. Kg3 Kd4 78. Kxg4 Ke4 79. Rf5 Ke3 80. Rf4 Ke2 
81. Rf3 Kd2 82. Kg3 Ke2 83. Kg2 Kd2 84. Kf1 Kc1 85. Rf2 1-0

[Event "Thursday 18 January Rapid Engine Tour 12+1 Rounds 9 Starts 1600 ST"]
[Site "Infinity Chess"]
[Date "2018.1.18"]
[Round "1"]
[White "hafaba"]
[Black "ocirema"]
[Result "1/2-1/2"]
[ECO "A06"]
[WhiteElo "2478"]
[BlackElo "2422"]
[WhiteEngine "Stockfish SL 07012018 POPCNT_CTG"]
[BlackEngine "stockfish_18011309_x64_modern_CTG"]
[EventType "Swiss"]
[WhiteTeam ""]
[BlackTeam ""]
[PlyCount "74"]
[TimeControl "720+1"]

1. Nf3 d5 2. d4 Nf6 3. c4 e6 4. Nc3 c6 5. e3 Nbd7 6. Bd3 dxc4 7. Bxc4 b5 
8. Be2 Bb7 9. O-O a6 10. e4 c5 11. e5 Nd5 12. a4 b4 13. Nxd5 Bxd5 14. Be3 Be7 
15. Rc1 Qa5 16. Bc4 Bxc4 17. Rxc4 Nb6 18. Rc1 Qxa4 19. b3 Qd7 20. dxc5 Qxd1 
21. Rfxd1 Nd5 22. Rc4 a5 23. g3 Kd7 24. Bg5 Kc7 25. Bxe7 Nxe7 26. Rd6 Nf5 
27. Nd4 Nxd6 28. cxd6+ Kb6 29. Rc6+ Kb7 30. Rc7+ Kb6 31. Rxf7 Rab8 32. f4 a4 
33. Rc7 axb3 34. Rc6+ Kb7 35. Rc7+ Kb6 36. Rc6+ Kb7 37. Rc7+ Kb6 1/2-1/2

[Event "Thursday 18 January Rapid Engine Tour 12+1 Rounds 9 Starts 1600 ST"]
[Site "Infinity Chess"]
[Date "2018.1.18"]
[Round "1"]
[White "CrapCleaner"]
[Black "MGR"]
[Result "1/2-1/2"]
[ECO "C42"]
[WhiteElo "2430"]
[BlackElo "2480"]
[WhiteEngine "Raubfisch ME262_GTZ16b3._CTG"]
[BlackEngine "asmFishW_2017-11-19_bmi2"]
[EventType "Swiss"]
[WhiteTeam ""]
[BlackTeam ""]
[PlyCount "113"]
[TimeControl "720+1"]

1. e4 e5 2. Nf3 Nf6 3. Nxe5 d6 4. Nf3 Nxe4 5. d4 d5 6. Bd3 Bb4+ 7. c3 Bd6 
8. O-O O-O 9. c4 c6 10. Re1 Bf5 11. Qb3 Qd7 12. Nc3 Nxc3 13. Bxf5 Qxf5 
14. Qxb7 Qd7 15. Qxd7 Nxd7 16. c5 Bxh2+ 17. Nxh2 Ne4 18. Bf4 Rfe8 19. Ng4 Nf8 
20. Bh2 h5 21. Ne3 a5 22. Rad1 Ra7 23. Kf1 g6 24. f3 Nf6 25. Nc2 Ne6 26. Be5 Nd7 
27. Bd6 h4 28. Rd3 Rea8 29. Ke2 g5 30. Kd2 Kg7 31. Ne3 Nf6 32. Nf5+ Kh7 
33. Rde3 Ng8 34. Kc3 Kg6 35. g4 hxg3 36. Nxg3 Nf6 37. Rh1 Ne8 38. Be5 N6g7 
39. f4 f6 40. Rf3 fxe5 41. f5+ Kf7 42. dxe5 Kg8 43. Ne2 Nc7 44. Nd4 Rf8 
45. Rg1 Nce6 46. fxe6 Rxf3+ 47. Nxf3 Nxe6 48. Nxg5 Rg7 49. Nh3 Rxg1 
50. Nxg1 Nxc5 51. a3 Kf7 52. Ne2 Ke6 53. b4 Ne4+ 54. Kd4 axb4 55. axb4 Kf5 
56. b5 cxb5 57. Kxd5 1/2-1/2

[Event "Thursday 18 January Rapid Engine Tour 12+1 Rounds 9 Starts 1600 ST"]
[Site "Infinity Chess"]
[Date "2018.1.18"]
[Round "1"]
[White "Vimtiroba"]
[Black "avilllaa"]
[Result "1-0"]
[ECO "B50"]
[WhiteElo "2481"]
[BlackElo "2434"]
[WhiteEngine "SF@Infinity_CTG"]
[BlackEngine "Cryptic AIL V1"]
[EventType "Swiss"]
[WhiteTeam ""]
[BlackTeam ""]
[PlyCount "87"]
[TimeControl "720+1"]

1. e4 c5 2. Nf3 d6 3. Nc3 Nc6 4. d4 cxd4 5. Nxd4 Nf6 6. f3 e5 7. Nb3 Be7 
8. Be3 O-O 9. Qd2 a5 10. Bb5 Na7 11. Bxa7 Rxa7 12. Qe3 b6 13. O-O-O Be6 
14. a4 Rc7 15. Kb1 Qb8 16. g4 Qb7 17. Qd3 Qb8 18. h4 Rfc8 19. Nd5 Bxd5 
20. exd5 Rxc2 21. Bc6 Rf2 22. Nd2 b5 23. Qe3 Rxd2 24. Qxd2 bxa4 25. g5 Nh5 
26. Bxa4 Rc4 27. Qxa5 Nf4 28. Qb5 Rb4 29. Qxb8+ Rxb8 30. Ka2 Bd8 31. Bc6 h5 
32. Rc1 f6 33. gxf6 Bxf6 34. Rc4 Ne2 35. Bd7 Nd4 36. Rc8+ Rxc8 37. Bxc8 Nxf3 
38. Bf5 Nxh4 39. Be4 Kf7 40. b4 Ng6 41. Rxh5 Nf8 42. Kb3 Nd7 43. Kc4 Bd8 44. Rh2 
1-0

[Event "Thursday 18 January Rapid Engine Tour 12+1 Rounds 9 Starts 1600 ST"]
[Site "Infinity Chess"]
[Date "2018.1.18"]
[Round "1"]
[White "Dovahkiin"]
[Black "Katzenmaier"]
[Result "1/2-1/2"]
[ECO "A00"]
[WhiteElo "2435"]
[BlackElo "2487"]
[WhiteEngine "BrainFish_180113_x64_modern_CTG"]
[BlackEngine "S_XPrO.251117.x64.POPCNT_CTG"]
[EventType "Swiss"]
[WhiteTeam ""]
[BlackTeam ""]
[PlyCount "125"]
[TimeControl "720+1"]

1. e3 e5 2. e4 Nc6 3. Nf3 g6 4. d4 exd4 5. Nxd4 Bg7 6. Nxc6 bxc6 7. Bd3 Nf6 
8. O-O O-O 9. Nc3 Rb8 10. Rb1 d5 11. Bg5 Qd6 12. Qf3 dxe4 13. Nxe4 Nxe4 
14. Bxe4 Rxb2 15. Rxb2 Bxb2 16. Rd1 Qc5 17. Be3 Qc4 18. h3 Be5 19. Bxc6 Qxc2 
20. a3 a5 21. Be4 Qc3 22. Bh6 Qxf3 23. Bxf3 Bg7 24. Bxg7 Kxg7 25. Rc1 Be6 
26. Rxc7 Rc8 27. Rxc8 Bxc8 28. Kf1 Kf6 29. Ke2 Ke5 30. Kd3 Ba6+ 31. Ke3 g5 
32. g3 f5 33. Bc6 f4+ 34. gxf4+ gxf4+ 35. Kf3 Bc4 36. h4 Be6 37. Bb5 h6 
38. Bd3 Bb3 39. Be2 Ba2 40. Kg4 Bf7 41. Bd3 Kd4 42. Be2 Ke4 43. Bf3+ Ke5 
44. Bc6 Kd6 45. Be4 Ke5 46. Bd3 Be8 47. Bc4 Ke4 48. Be2 Ke5 49. Bd3 Bf7 
50. Be2 Ke4 51. Bf3+ Ke5 52. Bc6 Bg6 53. a4 Bf7 54. Bd7 Kd6 55. Bb5 Ke5 
56. Bc6 Bg6 57. Bd7 Bf7 58. Bb5 Ke4 59. Bc6+ Ke5 60. Bb5 Bg6 61. Bc6 Kd6 
62. Bb5 Ke5 63. Bc6 1/2-1/2

[Event "Thursday 18 January Rapid Engine Tour 12+1 Rounds 9 Starts 1600 ST"]
[Site "Infinity Chess"]
[Date "2018.1.18"]
[Round "1"]
[White "THE_MACHINE"]
[Black "RonWeasley"]
[Result "1/2-1/2"]
[ECO "C11"]
[WhiteElo "2494"]
[BlackElo "2453"]
[WhiteEngine "Houdini 6"]
[BlackEngine "BrainFish 130117_CTG"]
[EventType "Swiss"]
[WhiteTeam ""]
[BlackTeam ""]
[PlyCount "131"]
[TimeControl "720+1"]

1. e4 e6 2. d4 d5 3. Nc3 Nf6 4. e5 Nfd7 5. f4 c5 6. Nf3 Nc6 7. Be3 cxd4 
8. Nxd4 Qb6 9. Qd2 Qxb2 10. Rb1 Qa3 11. Bb5 Nxd4 12. Bxd4 a6 13. Bxd7+ Bxd7 
14. Rb3 Qe7 15. Rxb7 Rc8 16. O-O Qd8 17. Qe3 Rc4 18. Rfb1 Be7 19. f5 Bg5 
20. Qd3 O-O 21. Ne4 Bc8 22. Bb6 Be3+ 23. Qxe3 Qh4 24. Nf6+ gxf6 25. Rc7 exf5 
26. Rxc4 dxc4 27. exf6 Kh8 28. Bc7 Rg8 29. Bg3 Qg4 30. Qf4 c3 31. a3 Be6 
32. Re1 Rd8 33. Qe3 Bd5 34. Qe8+ Rxe8 35. Rxe8+ Qg8 36. Rxg8+ Kxg8 37. Be5 Be4 
38. Bxc3 Bxc2 39. Kf2 h6 40. Bd4 Kh7 41. Ke3 Kg6 42. g3 Kg5 43. Be5 h5 
44. h4+ Kg4 45. Bf4 a5 46. Kd4 Bd1 47. Ke5 a4 48. Kd6 Bb3 49. Kc6 Bd1 
50. Kc5 Bc2 51. Kb4 Bb3 52. Ka5 Bd1 53. Kb6 Bc2 54. Kc5 Bd1 55. Bd6 Bc2 
56. Bf4 Bb3 57. Kb5 Bd1 58. Bd6 Bb3 59. Kb4 Bd1 60. Bf4 Bc2 61. Kb5 Bd1 
62. Kc6 Bc2 63. Kb5 Bb3 64. Kc5 Bd1 65. Bd6 Bc2 66. Bf4 1/2-1/2

[Event "Thursday 18 January Rapid Engine Tour 12+1 Rounds 9 Starts 1600 ST"]
[Site "Infinity Chess"]
[Date "2018.1.18"]
[Round "1"]
[White "neófito"]
[Black "Gilgamesch"]
[Result "1/2-1/2"]
[ECO "C53"]
[WhiteElo "2453"]
[BlackElo "2494"]
[WhiteEngine "BrainFish_180113_x64_bmi2"]
[BlackEngine "BrainFish_171005_x64_bmi2"]
[EventType "Swiss"]
[WhiteTeam ""]
[BlackTeam ""]
[PlyCount "101"]
[TimeControl "720+1"]

1. e4 e5 2. Nf3 Nc6 3. Bc4 Bc5 4. c3 Nf6 5. d4 exd4 6. e5 d5 7. Bb5 Ne4 
8. cxd4 Bb6 9. O-O Bg4 10. a4 a5 11. Nc3 O-O 12. Bxc6 bxc6 13. h3 Bh5 14. Be3 f6 
15. g4 Be8 16. exf6 Nxf6 17. Rc1 Qd6 18. Kg2 Rb8 19. Ne5 Ba7 20. Nd3 Bg6 
21. Bf4 Qd8 22. Ne2 Qe8 23. f3 Bxd3 24. Qxd3 Rxb2 25. Rc2 Rxc2 26. Qxc2 Nd7 
27. Bxc7 Nb6 28. Bxb6 Bxb6 29. f4 g6 30. Rf3 Bc7 31. Qd2 Qf7 32. f5 Qe7 
33. Ng3 Bxg3 34. Rxg3 Qe4+ 35. Rf3 gxf5 36. Kg3 fxg4 37. Qg5+ Qg6 38. Rxf8+ Kxf8 
39. Qd8+ Qe8 40. Qf6+ Kg8 41. hxg4 Qe2 42. Qxc6 Qe3+ 43. Kh4 Qxd4 44. Qe8+ Kg7 
45. Qe7+ Kg8 46. Qe6+ Kg7 47. Qe7+ Kg6 48. Qe8+ Kg7 49. Qd7+ Kf6 50. Qd6+ Kg7 
51. Qe7+ 1/2-1/2

[Event "Thursday 18 January Rapid Engine Tour 12+1 Rounds 9 Starts 1600 ST"]
[Site "Infinity Chess"]
[Date "2018.1.18"]
[Round "1"]
[White "xeonrocks"]
[Black "Wolle"]
[Result "1/2-1/2"]
[ECO "C53"]
[WhiteElo "2523"]
[BlackElo "2457"]
[WhiteEngine "asmFishW_CTG"]
[BlackEngine "Raubfisch X37a2_CTG"]
[EventType "Swiss"]
[WhiteTeam ""]
[BlackTeam ""]
[PlyCount "128"]
[TimeControl "720+1"]

1. e4 e5 2. Nf3 Nc6 3. Bc4 Bc5 4. c3 Nf6 5. d4 exd4 6. e5 d5 7. Bb5 Ne4 
8. cxd4 Bb6 9. O-O Bg4 10. a4 a6 11. Bxc6+ bxc6 12. Nc3 O-O 13. h3 Bxf3 
14. gxf3 Nxc3 15. bxc3 c5 16. a5 Ba7 17. Be3 c6 18. f4 f6 19. Qg4 Qe7 
20. Rfe1 Rab8 21. Reb1 Qe8 22. Kh1 Rxb1+ 23. Rxb1 Qe7 24. Rb2 f5 25. Qd1 c4 
26. Kg2 h6 27. Rb1 Kh7 28. Bc1 Rb8 29. Qc2 Kg6 30. Rxb8 Bxb8 31. Qb1 Ba7 
32. Be3 Qd7 33. Kg3 Kf7 34. Bc1 c5 35. dxc5 Bxc5 36. Be3 Bxe3 37. fxe3 Kg6 
38. Qb8 Kh7 39. Qf8 Qa7 40. Kf2 Qd7 41. Ke1 Kg6 42. Kd2 Qa4 43. Qd6+ Kh7 
44. Qxd5 Qa2+ 45. Ke1 Qa1+ 46. Kf2 Qxc3 47. e6 Qc2+ 48. Ke1 Qc3+ 49. Ke2 Qb2+ 
50. Kf3 Qb1 51. Qxc4 Qd1+ 52. Kf2 Qd2+ 53. Qe2 Qd6 54. Qc4 Qd2+ 55. Kf3 Qd1+ 
56. Qe2 Qd5+ 57. e4 Qxe6 58. exf5 Qxf5 59. Qe4 Qxe4+ 60. Kxe4 g5 61. fxg5 hxg5 
62. Kd5 Kg6 63. Kd4 Kh5 64. Ke5 Kh6 1/2-1/2

[Event "Thursday 25 January Rapid Engine Tour 12+1 Rounds 9 Starts 1600 ST"]
[Site "Infinity Chess"]
[Date "2018.1.25"]
[Round "9"]
[White "neófito"]
[Black "IronMan"]
[Result "1/2-1/2"]
[ECO "A40"]
[WhiteElo "2380"]
[BlackElo "2393"]
[WhiteEngine "BrainFish_180124_x64_bmi2"]
[BlackEngine "Eman 1.58 64-bit BMI2"]
[EventType "Swiss"]
[WhiteTeam ""]
[BlackTeam ""]
[PlyCount "172"]
[TimeControl "720+1"]

1. d4 e6 2. c4 Nf6 3. Nf3 d5 4. Bg5 dxc4 5. Nc3 a6 6. a4 Nc6 7. e3 Na5 
8. Nd2 Qd6 9. Be2 Qb4 10. Qc2 c5 11. Bxf6 gxf6 12. d5 Bg7 13. Na2 Qb6 14. Nc3 f5 
15. O-O Qb4 16. Rab1 O-O 17. Na2 Qb6 18. Nxc4 Nxc4 19. Bxc4 Rd8 20. Rfd1 Rd6 
21. b4 cxb4 22. Nxb4 e5 23. Nd3 Qc7 24. Rdc1 e4 25. Nf4 b6 26. Qd1 Qe7 
27. g3 Be5 28. Qe2 Qf6 29. Ng2 Qg7 30. Nh4 Bf6 31. Ng2 Be5 32. Rb4 Qh6 
33. Qf1 Qh3 34. Nh4 Qxf1+ 35. Bxf1 Bd7 36. Bh3 Rf6 37. d6 b5 38. axb5 axb5 
39. Rd1 Bc3 40. Rbb1 b4 41. Rd5 Rd8 42. Nxf5 Kf8 43. Rc5 Rc8 44. Rd5 Rd8 
45. Ra5 b3 46. Rc5 Bb4 47. Rd5 Be6 48. Rb5 Ba3 49. d7 b2 50. Ra5 Bxd7 
51. Rxa3 Rb8 52. Ra2 Rfb6 53. Kg2 Be6 54. Ra4 Bb3 55. Rxb2 Bxa4 56. Rxb6 Rxb6 
57. Nd4 Bd1 58. Bf5 h6 59. Bxe4 Rb8 60. f3 h5 61. h4 Rb2+ 62. Kh3 Ra2 
63. g4 hxg4+ 64. Kxg4 Ra5 65. Kg3 Ra2 66. Nf5 Ra3 67. Bc6 Bc2 68. Nd4 Bg6 
69. Kf4 Ra2 70. Kg5 Rh2 71. f4 Kg7 72. Kg4 Kh6 73. Bd5 Bh5+ 74. Kg3 Rd2 
75. Bf3 Bxf3 76. Nxf3 Rd3 77. e4 Re3 78. Kg4 Rxe4 79. Ne5 Kg7 80. Nf3 Re8 
81. Nd4 Rh8 82. Nf5+ Kg6 83. h5+ Rxh5 84. Ne7+ Kf6 85. Ng8+ Kg7 86. Kxh5 Kxg8 
1/2-1/2

[Event "Thursday 25 January Rapid Engine Tour 12+1 Rounds 9 Starts 1600 ST"]
[Site "Infinity Chess"]
[Date "2018.1.25"]
[Round "9"]
[White "ivrdurant"]
[Black "angriff"]
[Result "1/2-1/2"]
[ECO "B00"]
[WhiteElo "2354"]
[BlackElo "2397"]
[WhiteEngine "raubfisch me262_gtz16b3."]
[BlackEngine "Stockfish SL FA POPCNT_CTG"]
[EventType "Swiss"]
[WhiteTeam ""]
[BlackTeam ""]
[PlyCount "98"]
[TimeControl "720+1"]

1. e4 Nc6 2. d4 d5 3. e5 Bf5 4. c3 e6 5. Bb5 f6 6. Bxc6+ bxc6 7. Nf3 Ne7 
8. exf6 gxf6 9. Nh4 Bg6 10. Nd2 Nf5 11. Ndf3 Bd6 12. O-O Kd7 13. b3 Nxh4 
14. Nxh4 f5 15. Nf3 Bh5 16. Ne5+ Bxe5 17. Qxh5 Bd6 18. f4 Qf6 19. Qf3 Rag8 
20. Bd2 Rg4 21. Rf2 Rhg8 22. b4 Qh8 23. Kh1 Qg7 24. Re1 Qh6 25. Kg1 Qh5 
26. Ref1 Rh4 27. Qxh5 Rxh5 28. g3 Rh6 29. Kg2 Rhg6 30. Kf3 h5 31. a4 h4 
32. Rg2 hxg3 33. Rxg3 Rg4 34. Rfg1 Rh8 35. Rxg4 fxg4+ 36. Rxg4 Rxh2 37. Rg2 Rh1 
38. Rg7+ Ke8 39. Rg8+ Kd7 40. Rg7+ Kc8 41. a5 Kb7 42. Rg6 Rh3+ 43. Ke2 Rh2+ 
44. Kd1 Rh1+ 45. Kc2 Rh2 46. Kd3 Rh3+ 47. Kc2 Rh2 48. Kd3 Rh3+ 49. Kc2 Rh2 
1/2-1/2

[Event "Thursday 25 January Rapid Engine Tour 12+1 Rounds 9 Starts 1600 ST"]
[Site "Infinity Chess"]
[Date "2018.1.25"]
[Round "9"]
[White "star99"]
[Black "OlivierEvan"]
[Result "1/2-1/2 "]
[ECO "C24"]
[WhiteElo "2410"]
[BlackElo "2384"]
[WhiteEngine "Cryptic AIL V2"]
[BlackEngine "Houdini 6"]
[EventType "Swiss"]
[WhiteTeam ""]
[BlackTeam ""]
[PlyCount "133"]
[TimeControl "720+1"]

1. e4 e5 2. Bc4 Nf6 3. d3 Nc6 4. Nf3 Bc5 5. c3 d6 6. O-O a5 7. a4 O-O 8. Re1 h6 
9. h3 Nh7 10. d4 Bb6 11. Be3 Qf6 12. dxe5 Nxe5 13. Bxb6 Nxc4 14. Bxc7 Ng5 
15. b3 Nxh3+ 16. Kf1 Ne5 17. Qxd6 Qxd6 18. Bxd6 Nxf3 19. gxf3 Rd8 20. Bc7 Rd3 
21. Ke2 Rd7 22. Be5 f5 23. Nd2 fxe4 24. Nxe4 Re7 25. Bg3 Ng5 26. Bh4 Bg4 
27. Bxg5 Rxe4+ 28. Be3 Bh5 29. Rg1 Re6 30. Rg3 Rd8 31. Rd1 Rxd1 32. Kxd1 Kh7 
33. Kd2 g5 34. Rh3 Rd6+ 35. Ke2 Bg6 36. Bxg5 Bd3+ 37. Ke1 Bc2 38. b4 axb4 
39. cxb4 Bxa4 40. Bf4 Rf6 41. Be3 Bd7 42. Rh4 Bc6 43. f4 Bf3 44. Bd4 Re6+ 
45. Be5 h5 46. Rh3 Bg4 47. Rd3 Rg6 48. Rd8 Rg8 49. Rd4 Bf5 50. Kf1 h4 51. Bf6 h3 
52. Bg5 Rg7 53. Kg1 Rd7 54. Rxd7+ Bxd7 55. f3 Kg6 56. Kh2 Kf7 57. Bd8 Bf5 
58. b5 Ke6 59. b6 Kd5 60. Kg3 Ke6 61. Bh4 Kd5 62. Bg5 Kc4 63. Kh2 Kd3 
64. Be7 Kd4 65. Bg5 Ke3 66. Kg3 Ke2 67. Bh4 1/2-1/2

[Event "Thursday 25 January Rapid Engine Tour 12+1 Rounds 9 Starts 1600 ST"]
[Site "Infinity Chess"]
[Date "2018.1.25"]
[Round "9"]
[White "Satria_Ungu"]
[Black "Dovahkiin"]
[Result "1/2-1/2"]
[ECO "D02"]
[WhiteElo "2363"]
[BlackElo "2417"]
[WhiteEngine "Houdini 6_CTG"]
[BlackEngine "BrainFish_180113_x64_modern_CTG"]
[EventType "Swiss"]
[WhiteTeam ""]
[BlackTeam ""]
[PlyCount "157"]
[TimeControl "720+1"]

1. d4 d5 2. Nf3 Nf6 3. c4 e6 4. Nc3 c6 5. e3 Nbd7 6. Bd3 dxc4 7. Bxc4 b5 
8. Be2 Bb7 9. O-O Be7 10. e4 b4 11. e5 bxc3 12. exf6 Bxf6 13. bxc3 c5 
14. dxc5 O-O 15. Ba3 Be7 16. Rb1 Bd5 17. Qd4 Rc8 18. c4 Bxf3 19. Bxf3 Bxc5 
20. Bxc5 Nxc5 21. Qe3 Qh4 22. Rfd1 Qxc4 23. Rbc1 Qb4 24. g3 Rc7 25. Kg2 Rfc8 
26. Rd4 Qb5 27. Rdc4 Qb6 28. Qd4 g6 29. R1c2 Na6 30. Qxb6 axb6 31. Rxc7 Rxc7 
32. Rb2 Rc4 33. Rxb6 Ra4 34. Rb2 Kg7 35. Be2 h5 36. Bb5 Ra3 37. Bc4 Nc5 
38. Rb5 Ne4 39. Rb4 Nd2 40. Bb3 Nxb3 41. axb3 Kf6 42. h4 e5 43. f4 e4 
44. Rxe4 Rxb3 45. Re2 Ra3 46. Re4 Kf5 47. Re5+ Kf6 48. Rb5 Ke6 49. Rb6+ Kf5 
50. Rb5+ Ke4 51. Re5+ Kd4 52. Rb5 Ra2+ 53. Kf3 Ra3+ 54. Kg2 Ke4 55. Rb4+ Kd3 
56. Rb7 Ke4 57. Rxf7 Ra2+ 58. Kh3 Kf3 59. Rc7 Ra3 60. Rc4 Kf2 61. Kh2 Ra5 
62. Rb4 Ra2 63. Rb5 Kf1+ 64. Kh1 Kf2 65. Kh2 Kf1+ 66. Kh3 Kg1 67. Rb1+ Kf2 
68. Rb6 Kg1 69. Rb1+ Kf2 70. Rc1 Kf3 71. Rc5 Ra1 72. Rc3+ Kf2 73. Kh2 Ra2 
74. Rc6 Ke3+ 75. Kg1 Ra1+ 76. Kg2 Ra2+ 77. Kh3 Kf2 78. Rb6 Kg1 79. Rb1+ 1/2-1/2